AoeStats
← Hakka

African Clearing

510519375Analyzed
4v4 RM · 2d ago on Oct 1, 2026· 64m 9s· 8 players
Game mode
Random Map
Map size
Large (8 player)
Population
200
Speed
Normal
Resources
Standard
Victory
Conquest
Starting age
Dark Age
Ending age
Imperial Age
RankedLock teamsTeams togetherTeam positionsShared explorationLock speedFull tech treeHidden civsTurbo modeCheats
Victory
Defeat
🇨🇳 Armenians · China
1365
+11
🇲🇾 Burgundians · Malaysia
1294
+14
🇭🇰 Huns · Hong Kong SAR China
1284
+14
🇨🇳 Japanese · China
1280
+14
🇪🇸 Vikings · Spain
1346
-17
🇨🇴 Vikings · Colombia
1223
-12
🇮🇳 Magyars · India
1212
-12
🇺🇸 Saxons · United States
1209
-12
_SKY_菜刀
4:34 Loom
13:27 Feudal Age
21:08 Castle Age
19:40 Fletching
20:44 Stone Mining
20:49 Gold Mining
21:08 Stone Mining
31:08 Double-Bit Axe
31:19 Horse Collar
32:09 Bow Saw
35:49 Gold Shaft Mining
36:53 Two-Man Saw
35:54 Heavy Plow
41:22 Imperial Age
39:30 Wheelbarrow
41:16 Scale Barding Armor
41:22 Forging
44:09 Chain Barding Armor
44:49 Crop Rotation
46:39 Plate Barding Armor
46:40 Iron Casting
46:20 Elite Coustillier
47:22 Conscription
49:39 Chemistry
48:22 Treadmill Crane
49:49 Blast Furnace
50:11 Husbandry
50:20 Burgundian Vineyards
55:06 Hand Cart
围家建筑工
8:17 Loom
13:34 Feudal Age
14:32 Man-at-Arms
18:55 Castle Age
16:45 Double-Bit Axe
16:50 Horse Collar
17:35 Stone Mining
28:51 Gold Mining
33:46 Imperial Age
32:09 Wheelbarrow
31:32 Town Watch
32:18 Heavy Plow
33:11 Town Patrol
33:27 Hand Cart
33:36 Scale Mail Armor
33:42 Scale Barding Armor
34:22 Bow Saw
33:47 Pikeman
34:55 Kataparuto
34:55 Conscription
35:13 Chain Mail Armor
35:02 Squires
34:47 Arson
35:07 Arson
34:52 Halberdier
36:49 Plate Mail Armor
36:20 Padded Archer Armor
36:10 Fletching
37:50 Hand Cart
38:01 Ballistics
38:42 Chemistry
39:16 Man-at-Arms
39:41 Gambesons
40:08 Forging
39:53 Bodkin Arrow
40:14 Leather Archer Armor
40:19 Chain Barding Armor
41:38 Iron Casting
40:26 Long Swordsman
41:23 Fortified Wall
42:26 Bracer
42:36 Elite Samurai
43:25 Two-Handed Swordsman
47:34 Coinage
47:10 Caravan
49:33 Two-Man Saw
50:04 Blast Furnace
55:01 Banking
60:10 Champion
放羊老汉
10:53 Loom
12:51 Feudal Age
14:37 Horse Collar
14:45 Double-Bit Axe
23:05 Castle Age
21:58 Forging
21:53 Scale Barding Armor
24:26 Heavy Plow
24:39 Bow Saw
25:18 Stone Mining
25:22 Gold Mining
25:42 Husbandry
25:52 Bloodlines
29:08 Wheelbarrow
28:19 Town Watch
32:47 Hand Cart
36:07 Imperial Age
34:43 Iron Casting
34:28 Chain Barding Armor
34:31 Marauders
36:09 Elite Tarkan
37:09 Conscription
37:51 Gold Shaft Mining
38:25 Two-Man Saw
40:32 Plate Barding Armor
40:57 Blast Furnace
52:14 Light Cavalry
54:02 Hussar
58:32 Caravan
Hakka
3:23 Loom
14:16 Feudal Age
14:24 Man-at-Arms
15:04 Town Watch
15:11 Horse Collar
15:10 Long Swordsman
15:37 Arson
16:59 Forging
17:57 Scale Mail Armor
25:04 Wheelbarrow
24:31 Double-Bit Axe
30:23 Castle Age
31:18 Bow Saw
31:13 Heavy Plow
31:34 Hand Cart
31:01 Two-Handed Swordsman
34:30 Chain Mail Armor
34:53 Iron Casting
39:25 Imperial Age
37:08 Gambesons
37:26 Squires
37:35 Gold Mining
37:36 Stone Mining
39:06 Champion
40:32 Fereters
41:26 Plate Mail Armor
41:30 Conscription
42:48 Blast Furnace
45:08 Gold Shaft Mining
48:56 Caravan
50:18 Fletching
50:29 Padded Archer Armor
51:54 Fishing Lines
52:55 Elite Composite Bowman
56:16 Guilds
58:46 Chemistry
58:06 Ballistics
58:06 Bodkin Arrow
58:27 Leather Archer Armor
60:43 Bracer
61:14 Ring Archer Armor
61:18 Masonry
61:04 Murder Holes
60:50 Treadmill Crane
61:45 Town Patrol
63:49 Hoardings
Aspirante
3:59 Loom
13:39 Feudal Age
15:23 Double-Bit Axe
17:55 Castle Age
15:42 Horse Collar
28:05 Bow Saw
28:25 Stone Mining
28:27 Gold Mining
32:10 Scale Mail Armor
32:20 Forging
35:44 Imperial Age
32:41 Man-at-Arms
33:22 Squires
33:57 Chain Mail Armor
33:26 Long Swordsman
33:53 Arson
35:58 Iron Casting
35:58 Two-Handed Swordsman
37:14 Plate Mail Armor
37:44 Blast Furnace
38:08 Conscription
37:41 Champion
41:10 Blast Furnace
40:20 Chieftains
41:05 Capped Ram
42:44 Siege Ram
45:26 Heavy Scorpion
46:53 Fletching
48:27 Chemistry
47:44 Bodkin Arrow
48:50 Bracer
Biodox
11:12 Loom
13:30 Feudal Age
17:59 Castle Age
16:00 Double-Bit Axe
19:35 Wheelbarrow
19:34 Horse Collar
21:26 Town Watch
23:10 Bow Saw
24:06 Scale Mail Armor
24:09 Squires
26:50 Fletching
27:09 Heavy Plow
27:41 Bodkin Arrow
28:57 Crossbowman
30:07 Padded Archer Armor
34:32 Imperial Age
33:24 Arson
34:59 Gold Mining
35:00 Stone Mining
34:49 Shield Wall
35:52 Conscription
36:58 Hand Cart
37:07 Bracer
37:26 Chain Mail Armor
37:58 Ballistics
37:41 Pikeman
38:20 Halberdier
39:32 Plate Mail Armor
39:17 Clerical Recruitment
39:36 Elite Hearth Troop
40:44 Forging
41:51 Murder Holes
43:04 Iron Casting
44:15 Bracer
45:18 Masonry
59:51 Siege Engineers
63:03 Hoardings
63:04 Architecture
63:36 Chemistry
Dieguisss<3
8:38 Loom
14:13 Feudal Age
20:08 Castle Age
35:57 Squires
36:06 Horse Collar
36:18 Double-Bit Axe
36:44 Scale Mail Armor
36:45 Arson
38:48 Chain Mail Armor
39:20 Gold Mining
40:43 Fletching
42:56 Bodkin Arrow
46:04 Imperial Age
43:23 Pikeman
44:26 Forging
47:41 Fishing Lines
50:37 Gillnets
56:34 Man-at-Arms
57:16 Bracer
Butcher
3:10 Loom
12:31 Feudal Age
15:15 Fletching
30:12 Castle Age
30:59 Town Watch
34:50 Horse Collar
34:59 Double-Bit Axe
36:35 Heavy Plow
38:32 Wheelbarrow
38:18 Bow Saw
39:01 Gold Mining
40:25 Gold Shaft Mining
40:55 Bloodlines
40:46 Husbandry
41:28 Hand Cart
42:06 Corvinian Army
45:51 Imperial Age
46:09 Cavalier
47:36 Conscription
47:52 Paladin
49:04 Scale Barding Armor
50:59 Chain Barding Armor
52:51 Elite Magyar Huszar
Connection lost

Rejoining the realm…

Still unreachable

The connection could not be restored.

Session expired

The server has moved on; the page needs a fresh start.